Match 47281977
Unlisted

Match 47281977
End
Kettenkrad Recon Vehicle
Construct Infanterie Kompanie
Selects Terror Battlegroup
Selects Machine Gun Camouflage
Grenadier Squad
Grenadier Squad
MG 42 Machine Gun Team
Construct Panzergrenadier Kompanie
GrW 34 Mortar Team
Pak 40 Anti-tank Gun Team
251 Medium Carrier
Kettenkrad Recon Vehicle
Panzergrenadier Squad
Support Elements
Nebelwerfer 42 Rocket Launcher Team
Panzergrenadier Squad
StuG III G Assault Gun
Nobiscum Deus
OHxYEAHxJNP
Boneless
C.R575
0
0

Comments sign in to comment!

No comments posted yet!